PIO (24 & UNDER)
SALEM SLEDGEHAMMERS @ COLORADO COMMANDERS
07/09/2025
 
TOP OF THE 1ST
Salem Sledgehammers batting - Pitching for Colorado Commanders : RHP Ramiro Trujillo
Pitching: RHP Ramiro Trujillo
Batting: LHB José Sánchez 0-0: Ground out 4-3 (Groundball, 4)
Batting: RHB Dave Boom 0-0: Called Strike
0-1: Called Strike
0-2: Strikes out looking
Batting: RHB Patrick Daniels 0-0: Ball
1-0: SINGLE (Flyball, 8RS)
Batting: LHB Nathan Frey 0-0: Ball
1-0: Swinging Strike
1-1: Ball
2-1: Ball
3-1: Base on Balls
Patrick Daniels to second
Batting: LHB Juan Aguilar 0-0: Called Strike
0-1: Called Strike
0-2: Strikes out looking
Top of the 1st over - 0 run(s), 1 hit(s), 0 error(s), 2 left on base; Salem 0 - Colorado 0
BOTTOM OF THE 1ST
Colorado Commanders batting - Pitching for Salem Sledgehammers : RHP José López
Pitching: RHP José López
Batting: SHB Pancho Vásquez 0-0: Ball
1-0: SINGLE (Line Drive, 56)
Batting: LHB Michael Barrett 0-0: Called Strike
0-1: Fly out, F3 (Popup, 3S)
Batting: RHB Ray Ervin 0-0: Ball
1-0: Fly out, F8 (Flyball, 8RD)
Batting: LHB David Hernández 0-0: SINGLE (Groundball, 6MD)
Pancho Vásquez to second
Runner from 2nd tries for 3rd, OUT!
Bottom of the 1st over - 0 run(s), 2 hit(s), 0 error(s), 1 left on base; Salem 0 - Colorado 0
TOP OF THE 2ND
Salem Sledgehammers batting - Pitching for Colorado Commanders : RHP Ramiro Trujillo
Batting: RHB Gilberto Silva 0-0: Ball
1-0: Ground out 1-3 (Groundball, 15)
Batting: RHB Glenn Broadwater 0-0: Ball
1-0: SINGLE (Line Drive, 89S)
Batting: LHB Caleb Hall 0-0: Ball
1-0: Ball
2-0: Foul Ball, location: 2F
2-1: Foul Ball, location: 2F
2-2: Ball
3-2: Base on Balls
Glenn Broadwater to second
Batting: RHB José Vidal 0-0: Ball
1-0: Fly out, F8 (Flyball, 8LM)
Batting: LHB José Sánchez 0-0: Fielders Choice at 2nd, 6-4 (Groundball, 6)
Top of the 2nd over - 0 run(s), 1 hit(s), 0 error(s), 1 left on base; Salem 0 - Colorado 0
BOTTOM OF THE 2ND
Colorado Commanders batting - Pitching for Salem Sledgehammers : RHP José López
Batting: RHB Mike Martin 0-0: Foul Ball, location: 2F
0-1: Ball
1-1: Swinging Strike
1-2: Strikes out swinging
Batting: RHB Pedro García 0-0: Ball
1-0: Fly out, F4 (Popup, 4MD)
Batting: SHB Theodore Cook 0-0: Fly out, F8 (Flyball, 8RM)
Bottom of the 2nd over - 0 run(s), 0 hit(s), 0 error(s), 0 left on base; Salem 0 - Colorado 0
TOP OF THE 3RD
Salem Sledgehammers batting - Pitching for Colorado Commanders : RHP Ramiro Trujillo
Batting: RHB Dave Boom 0-0: Fly out, F4 (Popup, 4MD)
Batting: RHB Patrick Daniels 0-0: Called Strike
0-1: Ball
1-1: Foul Ball, location: 2F
1-2: Strikes out looking
Batting: LHB Nathan Frey 0-0: Ball
1-0: Fly out, F9 (Popup, 9S)
Top of the 3rd over - 0 run(s), 0 hit(s), 0 error(s), 0 left on base; Salem 0 - Colorado 0
BOTTOM OF THE 3RD
Colorado Commanders batting - Pitching for Salem Sledgehammers : RHP José López
Batting: RHB Tim Adkins 0-0: Ball
1-0: Ball
2-0: Called Strike
2-1: Foul Ball, location: 2F
2-2: Ball
3-2: SINGLE (Groundball, 34D)
Batting: LHB Javier Martínez 0-0: Called Strike
0-1: Swinging Strike
0-2: Strikes out swinging
Batting: SHB Pancho Vásquez 0-0: Ball
1-0: Called Strike
1-1: Ball
Tim Adkins is caught stealing 2nd base
2-1: Ground out 5-3 (Groundball, 5)
Bottom of the 3rd over - 0 run(s), 1 hit(s), 0 error(s), 0 left on base; Salem 0 - Colorado 0
TOP OF THE 4TH
Salem Sledgehammers batting - Pitching for Colorado Commanders : RHP Ramiro Trujillo
Batting: LHB Juan Aguilar 0-0: Foul Ball, location: 2F
0-1: Ball
1-1: SINGLE (Flyball, 7LS)
Batting: RHB Gilberto Silva 0-0: Ball
1-0: SINGLE (Line Drive, 5D)
Juan Aguilar to second
Batting: RHB Glenn Broadwater 0-0: Swinging Strike
0-1: Foul Ball, location: 2F
0-2: Strikes out swinging
Batting: LHB Caleb Hall 0-0: Called Strike
0-1: Ball
1-1: Foul Ball, location: 2F
1-2: Strikes out swinging
Batting: RHB José Vidal 0-0: Hit by Pitch
Juan Aguilar to third
Gilberto Silva to second
Batting: LHB José Sánchez 0-0: Ball
1-0: SINGLE (Groundball, 4MD)
Juan Aguilar scores
Gilberto Silva to third
José Vidal to second
Runner from 3rd tries for Home, SAFE, no throw or cutoff
Batting: RHB Dave Boom 0-0: Foul Ball, location: 2F
0-1: Ball
1-1: Ball
2-1: Ball
3-1: Base on Balls
José Vidal to third
José Sánchez to second
Batting: RHB Patrick Daniels 0-0: Ball
1-0: Reached on error, E5 (Groundball, 56)
José Vidal scores
José Sánchez to third
Dave Boom to second
Batting: LHB Nathan Frey 0-0: Foul Ball, location: 2F
0-1: Ball
1-1: Foul Ball, location: 2F
1-2: Ball
2-2: Ball
3-2: Base on Balls
José Sánchez scores
Dave Boom to third
Patrick Daniels to second
Batting: LHB Juan Aguilar 0-0: SINGLE (Groundball, 3L)
Dave Boom scores
Patrick Daniels to third
Nathan Frey to second
Runner from 3rd tries for Home, SAFE, no throw or cutoff
Batting: RHB Gilberto Silva 0-0: Ball
1-0: Called Strike
1-1: Foul Ball, location: 2F
1-2: Strikes out looking
Top of the 4th over - 6 run(s), 4 hit(s), 1 error(s), 2 left on base; Salem 6 - Colorado 0
BOTTOM OF THE 4TH
Colorado Commanders batting - Pitching for Salem Sledgehammers : RHP José López
Batting: LHB Michael Barrett 0-0: Foul Ball, location: 2F
0-1: Ball
1-1: DOUBLE (Line Drive, 7LS)
Batting: RHB Ray Ervin 0-0: DOUBLE (Line Drive, 7LM)
Michael Barrett scores
Batting: LHB David Hernández 0-0: Foul Ball, location: 2F
0-1: SINGLE (Line Drive, 56D)
Ray Ervin to third
Throwing error, E7
Ray Ervin scores
David Hernández to second
Batting: RHB Mike Martin 0-0: Foul Ball, location: 2F
0-1: 2-RUN HOME RUN (Flyball, 7D), Distance : 349 ft
Batting: RHB Pedro García 0-0: Ball
1-0: Foul Ball, location: 2F
1-1: Ball
2-1: Swinging Strike
2-2: SINGLE (Groundball, 5D)
Batting: SHB Theodore Cook 0-0: Swinging Strike
0-1: Ball
1-1: Foul Ball, location: 2F
1-2: Ball
2-2: Strikes out swinging
Batting: RHB Tim Adkins 0-0: Ball
1-0: Fly out, F9 (Flyball, 9M)
Batting: LHB Javier Martínez 0-0: Called Strike
0-1: Ball
1-1: Fly out, F8 (Line Drive, 8RM)
Bottom of the 4th over - 4 run(s), 5 hit(s), 1 error(s), 1 left on base; Salem 6 - Colorado 4
TOP OF THE 5TH
Salem Sledgehammers batting - Pitching for Colorado Commanders : RHP Ramiro Trujillo
Batting: RHB Glenn Broadwater 0-0: Called Strike
0-1: Ball
1-1: Foul Ball, location: 2F
1-2: Ball
2-2: Foul Ball, location: 2F
2-2: Foul Ball, location: 2F
2-2: Ball
3-2: Foul Ball, location: 2F
3-2: Base on Balls
Batting: LHB Caleb Hall 0-0: Ball
1-0: 2-RUN HOME RUN (Flyball, 89XD), Distance : 414 ft
Pitching: RHP Jesús Medina
Batting: RHB José Vidal 0-0: Foul Ball, location: 2F
0-1: Fly out, F3 (Popup, 23F)
Batting: LHB José Sánchez 0-0: Ball
1-0: SINGLE (Line Drive, 7S)
Batting: RHB Dave Boom 0-0: Swinging Strike
0-1: Ball
1-1: Fielders Choice at 2nd, 5-4 (Groundball, 5L)
Batting: RHB Patrick Daniels 0-0: Ball
1-0: Ball
2-0: SINGLE (Groundball, 34)
Dave Boom to second
Runner from 2nd tries for 3rd, OUT!
Top of the 5th over - 2 run(s), 3 hit(s), 0 error(s), 1 left on base; Salem 8 - Colorado 4
BOTTOM OF THE 5TH
Colorado Commanders batting - Pitching for Salem Sledgehammers : RHP José López
Batting: SHB Pancho Vásquez 0-0: Called Strike
0-1: Swinging Strike
0-2: Ball
1-2: Foul Ball, location: 2F
1-2: Strikes out looking
Batting: LHB Michael Barrett 0-0: Ball
1-0: Ball
2-0: Foul Ball, location: 2F
2-1: Ball
3-1: Base on Balls
Batting: RHB Ray Ervin 0-0: Called Strike
0-1: Called Strike
0-2: Ball
1-2: Ball
2-2: Grounds into double play, 6-4-3 (Groundball, 6)
Bottom of the 5th over - 0 run(s), 0 hit(s), 0 error(s), 0 left on base; Salem 8 - Colorado 4
TOP OF THE 6TH
Salem Sledgehammers batting - Pitching for Colorado Commanders : RHP Jesús Medina
Batting: LHB Nathan Frey 0-0: Ground out 4-3 (Groundball, 4)
Batting: LHB Juan Aguilar 0-0: Swinging Strike
0-1: SINGLE (Groundball, 34D)
Batting: RHB Gilberto Silva 0-0: Ball
1-0: Called Strike
1-1: Called Strike
Juan Aguilar steals 2nd base
1-2: Fly out, F8 (Flyball, 8LM)
Batting: RHB Glenn Broadwater 0-0: Called Strike
0-1: Called Strike
0-2: Hit by Pitch
Batting: LHB Caleb Hall 0-0: Ball
1-0: Fly out, F8 (Flyball, 8LM)
Top of the 6th over - 0 run(s), 1 hit(s), 0 error(s), 2 left on base; Salem 8 - Colorado 4
BOTTOM OF THE 6TH
Colorado Commanders batting - Pitching for Salem Sledgehammers : RHP José López
Batting: LHB David Hernández 0-0: Called Strike
0-1: Called Strike
0-2: Strikes out swinging
Batting: RHB Mike Martin 0-0: Called Strike
0-1: Ball
1-1: Ball
2-1: Ground out 1-3 (Groundball, 13)
Batting: RHB Pedro García 0-0: Ground out U3 (Groundball, 3)
Bottom of the 6th over - 0 run(s), 0 hit(s), 0 error(s), 0 left on base; Salem 8 - Colorado 4
TOP OF THE 7TH
Salem Sledgehammers batting - Pitching for Colorado Commanders : RHP Jesús Medina
Pitching: LHP Manuel Reyes
Batting: RHB José Vidal 0-0: Called Strike
0-1: Ball
1-1: Ball
2-1: Ground out 4-3 (Groundball, 4M)
Batting: LHB José Sánchez 0-0: Ball
1-0: Called Strike
1-1: Fly out, F8 (Flyball, 8RM)
Batting: RHB Dave Boom 0-0: Ball
1-0: Fly out, F8 (Popup, 8RS)
Top of the 7th over - 0 run(s), 0 hit(s), 0 error(s), 0 left on base; Salem 8 - Colorado 4
BOTTOM OF THE 7TH
Colorado Commanders batting - Pitching for Salem Sledgehammers : RHP José López
Batting: SHB Theodore Cook 0-0: Bunted foul
0-1: SINGLE (Line Drive, 6D)
Batting: RHB Tim Adkins 0-0: Ball
1-0: Grounds into double play, 1-6-3 (Groundball, 25)
Batting: LHB Javier Martínez 0-0: Foul Ball, location: 2F
0-1: Ball
1-1: SINGLE (Line Drive, 9S)
Batting: SHB Pancho Vásquez 0-0: Ball
1-0: Foul Ball, location: 2F
1-1: Called Strike
1-2: Ground out U3 (Groundball, 3)
Bottom of the 7th over - 0 run(s), 2 hit(s), 0 error(s), 1 left on base; Salem 8 - Colorado 4
TOP OF THE 8TH
Salem Sledgehammers batting - Pitching for Colorado Commanders : LHP Manuel Reyes
Batting: RHB Patrick Daniels 0-0: Ball
1-0: Ball
2-0: Swinging Strike
2-1: Foul Ball, location: 2F
2-2: Fly out, F3 (Popup, 3F)
Batting: LHB Nathan Frey 0-0: Ball
1-0: Ball
2-0: SINGLE (Line Drive, 4D)
Batting: LHB Juan Aguilar 0-0: Ball
1-0: Ball
2-0: Fly out, F6 (Popup, 56D)
Batting: RHB Gilberto Silva 0-0: Called Strike
0-1: Ball
1-1: Foul Ball, location: 2F
1-2: Strikes out looking
Top of the 8th over - 0 run(s), 1 hit(s), 0 error(s), 1 left on base; Salem 8 - Colorado 4
BOTTOM OF THE 8TH
Colorado Commanders batting - Pitching for Salem Sledgehammers : RHP José López
Batting: LHB Michael Barrett 0-0: Fly out, F8 (Flyball, 8LXD)
Pitching: LHP Allen Purss
Batting: RHB Ray Ervin 0-0: Ball
1-0: Swinging Strike
1-1: Called Strike
1-2: Strikes out swinging
Batting: LHB David Hernández 0-0: Fly out, F5 (Popup, 5F)
Bottom of the 8th over - 0 run(s), 0 hit(s), 0 error(s), 0 left on base; Salem 8 - Colorado 4
TOP OF THE 9TH
Salem Sledgehammers batting - Pitching for Colorado Commanders : LHP Manuel Reyes
Batting: RHB Glenn Broadwater 0-0: Called Strike
0-1: Ball
1-1: Ball
2-1: Foul Ball, location: 2F
2-2: Ball
3-2: Base on Balls
Batting: LHB Caleb Hall 0-0: Ball
1-0: Swinging Strike
1-1: Ball
2-1: Foul Ball, location: 2F
2-2: Foul Ball, location: 2F
2-2: Strikes out looking
Batting: RHB José Vidal 0-0: Foul Ball, location: 2F
0-1: Swinging Strike
0-2: Ball
1-2: Foul Ball, location: 2F
1-2: Ball
Wild Pitch!
Glenn Broadwater to second
2-2: Strikes out swinging
Batting: LHB José Sánchez 0-0: Fly out, F7 (Line Drive, 7M)
Top of the 9th over - 0 run(s), 0 hit(s), 0 error(s), 1 left on base; Salem 8 - Colorado 4
BOTTOM OF THE 9TH
Colorado Commanders batting - Pitching for Salem Sledgehammers : LHP Allen Purss
Batting: RHB Mike Martin 0-0: Called Strike
0-1: Swinging Strike
0-2: Ball
1-2: Foul Ball, location: 2F
1-2: Ground out 5-3 (Groundball, 5S)
Batting: RHB Pedro García 0-0: Fly out, F9 (Flyball, 89M)
Batting: SHB Theodore Cook 0-0: SINGLE (Line Drive, 3D)
Batting: RHB Tim Adkins 0-0: Ball
1-0: Swinging Strike
1-1: Ground out 5-3 (Groundball, 5L)
Bottom of the 9th over - 0 run(s), 1 hit(s), 0 error(s), 1 left on base; Salem 8 - Colorado 4
This league is powered by Out of the Park Baseball, the baseball management simulation game for PC, Mac and Linux
Tuesday, August 2nd, 2016 - OOTP Baseball 16.8 Build 38